Arrhythmia, chaotic female vampiric Convict ----------------------- --------------------------- |.........|...........| |...........|...|.....|...| |.-----...|.-------.|.-------)|...---.|.|.|.---.|--.--- |.|.......|.|.......|.......[.|.%.|.....|...|...|.....| |.|.-------.|.------|.-...|.-----.-----------.---.|.-.| |.|.....|...|.......|.....|...| |.....|...........|...| |.|.----|.---.---.|.......---.-------[|------------.----- |.......|.|.....|.|.[*.......%....|.%.|.........|...|...| |.---.|.|.|.....|--.---.......---^|.--|.........|.-----.----- |.....|[|.|..{..|.....|.......| |.|...-....<....|......0....| |----%|.|.|.....|.-.---...|.----------|.........|----------.| |..[..|...|.....|..0......|.....|.....|.........|..^| |0..|.|0H ------|.-----.---%-----...|--.|.|.|.|.-------------.--|...|.|@- |..|.....(.|...|.......| |.|.|.|.|...|..0......|...|...|.|.| |..|----.-.|.---.|.----- --|.|.|.|.---.|.-----.|.-.|...|.|.| |..|.......|.|...|.| |...|...|...|.....|.....|...|...| |..|.-------.|.|.|-- |...---.|.--|.---.|...{.|.|.---.| |..............|.| |.....|...| |..[|.........|.....| ------------------ ----------- --------------------- Arrhythmia the Prisoner Experience level: 11 Strength: 18 Dexterity: 13 Constitution: 17 Intelligence: 11 Wisdom: 10 Charisma: 7 Health: 0(96) Energy: 69(69) AC: -7 Gold: 0 Moves: 10592 Your Inventory: Weapons m - the uncursed rustproof +1 Luck Blade (weapon in hand) Armor p - an uncursed rusty +2 iron skull cap [orcish helm] (being worn) t - an uncursed +0 pair of leather gloves (being worn) u - a [blessed] +0 pair of jackboots [high] (being worn) F - a blessed +1 hooded cloak [dwarvish] (being worn) K - an uncursed +0 small shield (being worn) P - an uncursed +1 dwarvish mithril-coat (being worn) Potions g - a [cursed] emerald potion [of restore ability] Rings o - an uncursed chrysoberyl ring [of slow digestion] (on right hand) Tools f - an uncursed bag [sack] Contents of the sack: a [cursed -1] dented pot an [uncursed +0] pair of leather gloves an [uncursed +0] pair of leather gloves an [uncursed +0] small shield an [uncursed +0] small shield a [cursed] scroll labeled ABRA KA DABRA [of remove curse] an [uncursed] scroll labeled READ ME [of flood] an [uncursed] scroll of create monster 2 [uncursed] scrolls of identify an [uncursed] spellbook of charm monster an [uncursed] spellbook of dig an [uncursed] spellbook of sleep a blessed potion of extra healing an uncursed potion of extra healing 2 uncursed potions of full healing an uncursed wand of digging [0:3] an uncursed wand of teleportation [0:1] an [uncursed] can of grease [0:22] an uncursed partly used [tallow] candle (0:32) an uncursed lock pick an uncursed looking glass [mirror] an uncursed +0 pick-axe of warning an uncursed stethoscope an uncursed towel an uncursed [+0] unicorn horn an [uncursed] black gem [obsidian] an [uncursed] black gem [worthless glass] 2 [uncursed] green gems [emerald] 2 [uncursed] orange gems [worthless glass] 2 [uncursed] red gems [ruby] an [uncursed] violet gem [amethyst] an [uncursed] white gem [diamond] an [uncursed] yellow gem [worthless glass] an [uncursed] yellow gem [citrine] Spells known in the end: Name Level Category Fail Memory a - create monster 2 clerical 100% [|||||...] b - healing 1 healing 100% [|||||...] c - invisibility 4 escape 100% [|||||...] d - detect unseen 3 divination 100% [||||||||] e - detect monsters 1 divination 100% [||||||||] f - magic missile 2 attack 100% [||||||||] g - charm monster 3 enchantment 100% [||||||||] h - sleep 1 enchantment 100% [||||||||] i - dig 5 matter 100% [||||||||] Your skills at the end: Fighting Skills body armor [Basic / Skilled] shield [Basic / Basic] Weapon Skills broadsword [Basic / Basic] sling [Basic / Skilled] Spellcasting Skills Final Attributes: You were piously aligned. Hunger level was 641. Your alignment was 62 / 62. Monster difficulty range was 2 - 11. Level difficulty was 12. You were immune to poison. You were immune to level-drain. You were immune to sickness. You were telepathic. You could fly. You could survive without air. You had slower digestion. You regenerated. You were extremely lucky (11). You had extra luck. Bad luck did not time out for you. Good luck did not time out for you. You are dead. Vanquished creatures: a baby gold dragon 2 vampires a watch captain 4 large mimics 2 black nagas 2 sergeants 2 water demons a winter wolf a small mimic a rodent of unusual size an ettin mummy 2 quantum mechanics a pyrolisk a large dog a shocking sphere 2 tigers a dwarf king 2 tengu a mountain centaur an elf mummy a red naga 2 wraiths a leather golem a soldier 5 watchmen a chameleon a giant beetle 2 cockatrices 4 winter wolf cubs a lynx a leprechaun an iron piercer a giant spider a scorpion a horse 2 black lights 3 gnome kings 2 orc mummies 4 dwarf mummies an ogre a yeti a Green-elf 3 lizards 2 chickatrices a dog a dingo 4 housecats 2 dwarf lords 2 gnome mummies an ape 6 human zombies a rope golem 2 Woodland-elves 4 soldier ants 2 fire ants a snow ant a wood nymph a mountain nymph a rock piercer an enormous rat 3 ponies 3 fog clouds a yellow light 11 gnome lords 4 gnomish wizards 3 kobold mummies a black naga hatchling a gray ooze a barrow wight a ghoul a straw golem 4 paper golems 2 wax golems a baby crocodile a little dog 5 floating eyes a kitten 17 dwarves a homunculus a kobold shaman 8 hill orcs 4 rothes a giant bat 7 orc zombies 3 dwarf zombies a werejackal 5 iguanas 4 killer bees an acid blob 3 coyotes 2 gas spores 8 hobbits a hobgoblin 2 giant rats a cave spider a yellow mold 82 gnomes 2 gnome zombies 2 geckos 2 jackals a fox 3 kobolds 6 goblins 8 sewer rats 11 grid bugs 3 bats 5 lichens 2 kobold zombies 9 newts 355 creatures vanquished. Voluntary challenges: You went without food. You used a wielded weapon 450 times. You read items or engraved 386 times. You put on armor 57 times. You never genocided any monsters. You never polymorphed an object. You never changed form. You used no wishes. You wrote Elbereth's name 140 times. You encountered 1 bones level. You never used any Sokoban shortcuts. Dungeon overview: The Dungeons of Doom: levels 1 to 3 Level 1 a long staircase Level 2 an altar to Tymora, a fountain, a sink Level 3 a general store, an altar stairs to The Gnomish Mines The Gnomish Mines: levels 4 to 12 Level 4 stairs to The Dungeons of Doom Level 6 many shops, a temple to Tymora, a magic chest, some fountains Level 12 <- You were here some fountains History has recorded: On T:1 you entered the Dungeons of Doom to retrieve the Amulet of Yendor! On T:459 you advanced to experience level 2. On T:635 you advanced to experience level 3. On T:810 you reached level 2 of The Dungeons of Doom. On T:958 you received Luck Blade from Tymora. On T:1137 you reached level 3 of The Dungeons of Doom. On T:1145 you advanced to experience level 4. On T:1336 you advanced to experience level 5. On T:1359 you advanced to experience level 6. On T:1710 you reached level 1 of The Gnomish Mines. On T:1760 you advanced to experience level 7. On T:2066 you reached level 2 of The Gnomish Mines. On T:2576 you advanced to experience level 8. On T:2742 you reached level 3 of The Gnomish Mines. On T:3356 you advanced to experience level 9. On T:5858 you reached level 4 of The Gnomish Mines. On T:6652 you reached level 5 of The Gnomish Mines. On T:6673 you advanced to experience level 10. On T:7551 you reached level 6 of The Gnomish Mines. On T:7554 you reached level 8 of The Gnomish Mines. On T:7912 you reached level 7 of The Gnomish Mines. On T:9020 you reached level 9 of The Gnomish Mines. On T:9438 you advanced to experience level 11. Latest messages: You hear bubbling water. Where do you want to travel to? With great effort you move the boulder. The minotaur hits! (2x) The minotaur butts! The minotaur hits! (2x) The minotaur butts! [HP-58=38] You try to move the boulder, but in vain. (2x) You hit the minotaur! You bite the minotaur. The minotaur hits! (2x) The minotaur butts! [HP-20=18] You hit the minotaur! You bite the minotaur. You feed on the lifeblood. The minotaur suddenly seems weaker! The minotaur hits! You die... Final status: Goodbye Arrhythmia the Convict... You died in The Gnomish Mines on dungeon level 12 with 29956 points, and 0 pieces of gold, after 10592 moves. You were level 11 with a maximum of 96 hit points when you died.